 Dungeon Crawl Stone Soup version 0.28-a0-850-g09de17f5b5 (webtiles) character file.

Game seed: 17966905906942934152

2415 mandarbmax the Grappler (level 9, -2/81 HPs)
             Began as a Troll Monk on Nov 13, 2021.
             Was a Priest of Wu Jian.
             Slain by Harold (19 damage)
             ... on level 7 of the Dungeon.
             The game lasted 00:10:38 (3944 turns).

mandarbmax the Grappler (Troll Monk)                Turns: 3944, Time: 00:10:39

Health: -2/81      AC:  7    Str: 21    XL:     9   Next: 23%
Magic:  8/8        EV: 23    Int:  6    God:    Wu Jian [***...]
Gold:   387        SH:  0    Dex: 15    Spells: 8/8 levels left

rFire   . . .      SeeInvis .     - Unarmed
rCold   . . .      Faith    .   (no shield)
rNeg    . . .      Spirit   .   e - +0 steam dragon scales
rPois   .          Reflect  .   (helmet restricted)
rElec   .          Harm     .   (no cloak)
rCorr   .          Rampage  .   (gloves unavailable)
Will    .....                   (boots unavailable)
Stlth   +.........              (no amulet)
HPRegen 1.23/turn               p - +4 ring of evasion
MPRegen 0.11/turn               v - +4 ring of evasion

@: lethally poisoned (-2 -> -3), exhausted, marked, in a heavenly storm, glowing
A: large, unfitting armour, claws 3, regeneration 1, shaggy fur 1, tough skin 1
a: Renounce Religion, Wall Jump, Serpent's Lash


You were on level 7 of the Dungeon.
You worshipped Wu Jian.
Wu Jian was most pleased with you.
You visited 1 branch of the dungeon, and saw 7 of its levels.

You collected 387 gold pieces.

Inventory:

Missiles
 m - 16 poisoned darts (quivered)
Armour
 a - a +2 robe
 e - +0 steam dragon scales (worn)
Jewellery
 p - a +4 ring of evasion (left claw)
 v - a +4 ring of evasion (right claw)
Wands
 h - a wand of iceblast (4)
 i - a wand of digging (5)
 q - a wand of paralysis (7)
Scrolls
 c - 2 scrolls of blinking
 d - 2 scrolls of teleportation
 f - a scroll of immolation {unknown}
 g - a scroll of vulnerability {unknown}
 j - a scroll of amnesia {unknown}
 k - a scroll of summoning {unknown}
 n - a scroll of enchant weapon
 s - a scroll of acquirement {unknown}
 t - a scroll of magic mapping {unknown}
 u - a scroll of fear {unknown}
Potions
 l - 2 potions of attraction
 r - 2 potions of brilliance
 w - a potion of lignification {unknown}


   Skills:
 - Level 3.0 Fighting
 + Level 4.1 Dodging
 - Level 1.0 Stealth
 - Level 12.0 Unarmed Combat


You had 8 spell levels left.
You didn't know any spells.
Your spell library contained the following spells:

 Spells                   Type           Power      Damage    Failure   Level
 Sandblast                Erth           0%         2d4       45%         1
 Passwall                 Tmut/Erth      0%         N/A       58%         2
 Stone Arrow              Conj/Erth      0%         3d7       83%         3


Dungeon Overview and Level Annotations

Branches:
Dungeon (7/15)             Temple (0/1) D:7

Altars:
Gozag
Makhleb
Ru
Sif Muna
Wu Jian
Yredelemnul
The Shining One

Shops:
D:1 *

Annotations:
D:7 Harold


Innate Abilities, Weirdness & Mutations

You are too large for most types of armour.
You have claws for hands.
Your natural rate of healing is unusually fast.
You are covered in fur. (AC +1)
You have tough skin. (AC +1)


Message History

Harold hits you with a +8 trident of venom!
You are more poisoned.
Unknown command.
You feel much better.
You feel extremely sick. Harold barely misses you.
You spin and attack Harold.
You claw Harold! You claw Harold.
Harold is almost dead.
You feel very sick.
Harold hits you with a +8 trident of venom!!
You are lethally poisoned!
Unknown command.
You are too exhausted to lash out.
* * * LOW HITPOINT WARNING * * *
You feel extremely sick. Harold completely misses you.
You see here a throwing net.
* * * LOW HITPOINT WARNING * * *
You feel extremely sick.
Unknown command.
It was a potion of ambrosia.
You are confused.
You feel invigorated.
* * * LOW HITPOINT WARNING * * *
You feel very sick. Harold fires a harpoon shot at you.
The harpoon shot misses you.
* * * LOW HITPOINT WARNING * * *
You feel very sick.
Okay, then.
You feel very sick.
You feel very sick.
You feel less invigorated.
You feel less confused.
You feel very sick. Harold misses you.
You feel sick.
Harold says, "Do you have any idea what people are willing to pay to have you killed, mandarbmax?"
Harold hits you from afar with a +8 trident of venom!!
You die...

######### ## #.......# .
####### #####..§§☼§§#.#
#.....# #....☼☼☼§☼§§#☼#####
#.###.# #.##☼☼§☼§☼☼§§§(.(.#
#.###.###.#.☼☼§§@☼☼§#☼###.#
#...........☼§☼☼☼§☼☼# #
#..##.###.#.§§@§§☼§☼#
#..##.# #...§§§######
#..##.# ####§### #.....#
#.# ##.#### #+# ##....#
#.#.#.# ##....# ###...####


You could see Harold (poisoned).

Vanquished Creatures
  2 steam dragons (D:4)
  A water moccasin (D:6)
  2 ice beasts (D:6)
  A black bear (D:5)
  2 necrophages
  An ogre (D:5)
  A phantom (D:4)
  A centaur (D:7)
  2 bullfrogs
  A water moccasin zombie (D:5)
  3 scorpions
  5 killer bees (D:5)
  A wight (D:4)
  A howler monkey (D:5)
  A centaur zombie (D:5)
  A bullfrog zombie (D:6)
  2 bullfrog skeletons (D:4)
  An orc priest (D:4)
  2 centaur skeletons
  2 jellies (D:2)
  2 iguanas
  4 orc wizards
  2 hound skeletons (D:4)
  A howler monkey zombie (D:5)
  Robin (D:2)
  A gnoll (D:4)
  10 adders
  2 white imps
  An ufetubus (D:5)
  2 worms
  7 dart slugs
  9 orcs
  12 ball pythons
  11 endoplasms
  13 goblins
  8 hobgoblins
  4 jackals (D:5)
  2 quokkas (D:2)
  5 bats
  A frilled lizard (D:1)
  9 kobolds
  12 rats
152 creatures vanquished.

Vanquished Creatures (others)
  A quokka (D:4)
  11 fungi
  9 toadstools (D:2)
21 creatures vanquished.

Grand Total: 173 creatures vanquished

Notes
Turn   | Place    | Note
-------+----------+-------------------------------------------
     0 | D:1      | mandarbmax the Troll Monk began the quest for the Orb.
     0 | D:1      | Reached XP level 1. HP: 22/22 MP: 0/0
    57 | D:1      | Found Poamp's General Store.
    80 | D:1      | Reached XP level 2. HP: 29/29 MP: 1/1
   375 | D:1      | Found a faded altar of an unknown god.
   410 | D:1      | Prayed at the altar of an unknown god.
   410 | D:1      | Became a worshipper of the Wu Jian Council
   410 | D:1      | Reached * piety under Wu Jian
   410 | D:1      | Reached ** piety under Wu Jian
   437 | D:1      | Reached XP level 3. HP: 36/36 MP: 2/2
   568 | D:2      | Reached skill level 4 in Unarmed Combat
   568 | D:2      | Reached XP level 4. HP: 38/45 MP: 3/3
   593 | D:2      | Reached *** piety under Wu Jian
   632 | D:2      | Noticed Robin
   661 | D:2      | Killed Robin
   685 | D:2      | Found a basalt altar of Yredelemnul.
   861 | D:2      | Reached XP level 5. HP: 52/53 MP: 4/4
   886 | D:2      | Reached skill level 5 in Unarmed Combat
  1448 | D:3      | Reached **** piety under Wu Jian
  1455 | D:3      | Found a sacrificial altar of Ru.
  1650 | D:3      | Found an opulent altar of Gozag.
  1666 | D:3      | Found a shimmering blue altar of Sif Muna.
  1731 | D:4      | Noticed a phantom
  1746 | D:4      | Killed a phantom
  1747 | D:4      | Reached skill level 6 in Unarmed Combat
  1747 | D:4      | Reached XP level 6. HP: 51/61 MP: 5/5
  1862 | D:4      | Reached skill level 7 in Unarmed Combat
  2114 | D:4      | Reached XP level 7. HP: 67/67 MP: 6/6
  2223 | D:4      | Reached skill level 8 in Unarmed Combat
  2245 | D:4      | Found a glowing golden altar of the Shining One.
  2256 | D:4      | Found a burning altar of Makhleb.
  2256 | D:4      | Found an ornate altar of the Wu Jian Council.
  2256 | D:4      | Noticed a steam dragon
  2256 | D:4      | Noticed a steam dragon
  2258 | D:4      | Found a transporter.
  2273 | D:4      | Found a transporter.
  2438 | D:4      | Killed a steam dragon
  2442 | D:4      | Killed a steam dragon
  2443 | D:4      | Reached skill level 9 in Unarmed Combat
  2509 | D:5      | Entered Level 5 of the Dungeon
  2513 | D:5      | Reached XP level 8. HP: 75/75 MP: 7/7
  2776 | D:5      | Reached skill level 10 in Unarmed Combat
  3029 | D:5      | Reached skill level 11 in Unarmed Combat
  3167 | D:5      | Reached ***** piety under Wu Jian
  3364 | D:6      | Reached XP level 9. HP: 81/81 MP: 8/8
  3510 | D:6      | Reached skill level 12 in Unarmed Combat
  3703 | D:7      | Found a staircase to the Ecumenical Temple.
  3922 | D:7      | Noticed Harold
  3944 | D:7      | Slain by Harold

Illustrated notes

Levels and vault maps discovered:
D:1:      dpeg_arrival_ratfight, layout_rooms, shapermc_ecumenical_altar_petra,
          serial_shops, shop
D:2:      cheibrodos_fertilizer, layout_loops_ring, basic_altar,
          minmay_misc_feat_alley, minmay_quantized, uniq_robin
D:3:      layout_rooms, mainiacjoe_overflow_swirl,
          mainiacjoe_overflow_concentric_impassable
D:4:      layout_loops_ring, tso_oasis_becter, gammafunk_temple_overflow_arena
D:5:      layout_loops_ring
D:6:      layout_cave_pools
D:7:      layout_loops_corners, minmay_temple_entry_mist, water_boxes_lemuel,
          uniq_harold

Skill      XL: |  1  2  3  4  5  6  7  8  9 |
---------------+----------------------------+-----
Fighting       | 3 |  3.0
Dodging        | 3 4 |  4.1
Unarmed Combat | 4 6 7 9 11 12 | 12.0
Stealth        | |  1.0

Action                   |  1- 3 |  4- 6 |  7- 9 || total
-------------------------+-------+-------+-------++-------
Melee: Unarmed           |    75 |   169 |   140 ||   384
       Punch             |     1 |     9 |    11 ||    21
Throw: Dart              |       |     9 |    31 ||    40
Invok: Whirlwind         |    14 |     8 |    11 ||    33
       Lunge             |     5 |    20 |    16 ||    41
       Serpent's Lash    |       |       |     1 ||     1
       Heavenly Storm    |       |       |     1 ||     1
 Abil: Wall Jump         |     2 |     2 |       ||     4
  Use: Scroll            |       |     5 |     6 ||    11
       Potion            |       |       |     3 ||     3
 Stab: Sleeping          |     2 |     3 |     5 ||    10
Armor: Robe              |    21 |    31 |     1 ||    53
       Steam dragon scal |       |       |    20 ||    20
Dodge: Dodged            |    21 |    48 |    83 ||   152

Table legend: (Time is in decaauts)
 A = Elapsed time spent in this place.
 B = Non-inter-level travel time spent in this place.
 C = Inter-level travel time spent in this place.
 D = Time resting spent in this place.
 E = Time spent auto-exploring this place.
 F = Levels seen in this place.
 G = Mean time per level.
                   A        B        C        D        E       F      G
               +--------+--------+--------+--------+--------+-----+--------+
         Total |   3914 |   3720 |    194 |      0 |   2875 |   7 |  559.1 |
       Dungeon |   3914 |   3720 |    194 |      0 |   2875 |   7 |  559.1 |
               +--------+--------+--------+--------+--------+-----+--------+

Top non-repeatable levels by time:
     D:2: 852 daAuts
     D:5: 783 daAuts
     D:4: 778 daAuts
     D:1: 492 daAuts
     D:6: 391 daAuts
     D:3: 376 daAuts
     D:7: 239 daAuts
